 Dungeon Crawl Stone Soup version 0.24-a0-139-geb6712d (webtiles) character file.

Game seed: 14364164409314924617

983 Dfrag the Grave Robber (level 7, 0/55 HPs)
             Began as a Deep Dwarf Necromancer on Mar 4, 2019.
             Was a Believer of Makhleb.
             Slain by an orc warrior
             ... wielding a +0 halberd
              (14 damage)
             ... on level 6 of the Dungeon.
             The game lasted 00:10:30 (4293 turns).

Dfrag the Grave Robber (Deep Dwarf Necromancer)     Turns: 4293, Time: 00:10:30

Health: 0/55       AC:  4    Str: 12    XL:     7   Next: 96%
Magic:  3/16       EV: 12    Int: 17    God:    Makhleb [**....]
Gold:   250        SH:  0    Dex: 13    Spells: 15/19 levels left

rFire    . . .     SeeInvis .   w - +0 flail
rCold    . . .     Gourm    .   (no shield)
rNeg     . . .     Faith    .   a - +0 robe
rPois    .         Spirit   .   (no helmet)
rElec    .         Reflect  .   k - +0 cloak
rCorr    .         Harm     .   l - +0 pair of gloves
MR       +....                  (no boots)
Stlth    +++.......             (no amulet)
HPRegen  0.00/turn              j - ring of stealth
MPRegen  0.15/turn              (no ring)

@: non-regenerating
A: damage resistance, heal wounds, sense surroundings 1, no regeneration
a: Heal Wounds, Minor Destruction, Renounce Religion


You were on level 6 of the Dungeon.
You worshipped Makhleb.
Makhleb was pleased with you.
You were not hungry.

You visited 1 branch of the dungeon, and saw 6 of its levels.

You collected 250 gold pieces.

Inventory:

Hand Weapons
 h - a +0 dagger
 w - a +0 flail (weapon)
Armour
 a - a +0 robe (worn)
 k - a +0 cloak (worn)
 l - a +0 pair of gloves (worn)
Jewellery
 j - a ring of stealth (left hand)
 m - an uncursed ring of fire
Scrolls
 f - 2 scrolls of teleportation {unknown}
 g - 3 scrolls of identify {unknown}
 i - 3 scrolls of remove curse {unknown}
 o - a scroll of blinking {unknown}
 p - a scroll of random uselessness {unknown}
 s - a scroll of amnesia {unknown}
 t - a scroll of enchant weapon {unknown}
 u - 3 scrolls of noise {unknown}
Potions
 b - 3 potions of brilliance {unknown}
 d - a potion of flight {unknown}
 e - a potion of berserk rage {unknown}
 n - 3 potions of agility {unknown}
 q - 4 potions of heal wounds {unknown}
 r - a potion of magic {unknown}
 v - 3 potions of curing {unknown}
Comestibles
 c - 10 rations
 x - a chunk of flesh


   Skills:
 - Level 2.1 Dodging
 - Level 2.4 Stealth
 * Level 6.5 Spellcasting
 + Level 7.2 Necromancy


You had 15 spell levels left.
You knew the following spells:

 Your Spells              Type           Power        Failure   Level  Hunger
a - Pain                  Necr           ####         1%          1    None
b - Vampiric Draining     Necr           ####......   1%          3    ##.....

Your spell library contained the following spells:

 Spells                   Type           Power        Failure   Level  Hunger
 Animate Skeleton         Necr           N/A          1%          1    None
 Animate Dead             Necr           N/A          6%          4    ####...
 Summon Small Mammal      Summ           #...         12%         1    None
 Call Imp                 Summ           #.......     19%         2    None
 Call Canine Familiar     Summ           #.......     36%         3    ##.....
 Summon Guardian Golem    Hex/Summ       #.......     36%         3    ##.....
 Summon Ice Beast         Ice/Summ       #.......     77%         4    ####...
 Summon Lightning Spire   Summ/Air       #.......     77%         4    ####...
 Regeneration             Chrm/Necr      Unusable     N/A         3    N/A

Dungeon Overview and Level Annotations

Branches:
Dungeon (6/15)             Temple (0/1) D:4

Altars:
Ashenzari
Gozag
Makhleb
Qazlal
Xom
Yredelemnul
The Shining One

Shops:
D:6 [


Innate Abilities, Weirdness & Mutations

You are resistant to damage.
You can heal yourself by infusing magical energy.
You passively map a small area around you.
You do not regenerate.


Message History

There is an abandoned shop here.
There is an entrance to Ukluusch's Antique Armour Shoppe here.
Casting: Vampiric Draining (safe; 1% risk of failure)
Confirm with . or Enter, or press ? or * to list all spells.
Aiming: Vampiric Draining (safe; 1% risk of failure)
Press: ? - help, Shift-Dir - straight line, f - orc
Aim: an orc, wielding a +0 war axe You kill the orc!
Makhleb accepts your kill.
You feel life coursing into your body.
Unknown command.
Things that are here:
a +0 war axe; an orc corpse The orc warrior hits you from afar with a +0 halberd!!
* * * LOW HITPOINT WARNING * * *
There is an entrance to Ukluusch's Antique Armour Shoppe here.
There is a stone staircase leading up here.
You can't go down here!
The orc warrior hits you from afar with a +0 halberd!!
You die...

* , #.... , * * ...# *
!.## #).# ,##..#*###
,##..## ..# #########..##
*#.# #..........# #.#
#.######..@#####.#
##.###...∩.∩...##.#
#......##..o##.##.#
#..#####.∩.∩)#.##.# #..#
##.........#
#..######..###.##########
#..........# #..........#
#.########.#
##########.### #.# ##'##
#.......#


You could see an orc warrior.

Vanquished Creatures
  A water moccasin (D:5)
  An orc warrior (D:5)
  An ogre (D:4)
  A centaur (D:5)
  Blork the orc (D:4)
  A scorpion (D:2)
  2 howler monkeys (D:4)
  3 hounds
  An orc wizard (D:5)
  2 worker ants
  A killer bee zombie (D:6)
  A hound zombie (D:5)
  A hound skeleton (D:5)
  10 adders
  A shadow imp (D:6)
  A worm (D:4)
  3 dart slugs
  4 leopard geckos
  8 orcs
  A ball python (D:3)
  10 bats
  4 giant cockroaches
  2 gnoll zombies (D:2)
  6 hobgoblins
  17 jackals
  7 quokkas
  A frilled lizard (D:3)
  6 goblins
  6 kobolds
  7 rats
111 creatures vanquished.

Notes
Turn   | Place    | Note
-------+----------+-------------------------------------------
     0 | D:1      | Dfrag the Deep Dwarf Necromancer began the quest for the
                  | Orb.
     0 | D:1      | Reached XP level 1. HP: 15/15 MP: 3/3
   210 | D:1      | Reached XP level 2. HP: 4/22 MP: 0/5
   849 | D:2      | Reached XP level 3. HP: 15/28 MP: 2/7
   854 | D:2      | Learned a level 3 spell: Vampiric Draining
   980 | D:2      | Noticed a scorpion
   984 | D:2      | Killed a scorpion
   984 | D:2      | Reached skill level 5 in Necromancy
   984 | D:2      | Reached XP level 4. HP: 20/36 MP: 1/9
  1100 | D:2      | Found a burning altar of Makhleb.
  1107 | D:2      | Became a worshipper of Makhleb the Destroyer
  1271 | D:2      | Found a glowing golden altar of the Shining One.
  1336 | D:2      | Reached XP level 5. HP: 29/42 MP: 7/10
  1519 | D:2      | Found a basalt altar of Yredelemnul.
  1963 | D:3      | Reached * piety under Makhleb
  2171 | D:4      | Found an opulent altar of Gozag.
  2298 | D:4      | Noticed Blork the orc
  2311 | D:4      | Killed Blork the orc
  2311 | D:4      | Reached XP level 6. HP: 25/49 MP: 0/12
  2392 | D:4      | Reached skill level 6 in Necromancy
  2634 | D:4      | Reached skill level 5 in Spellcasting
  2755 | D:4      | Reached XP level 7. HP: 29/55 MP: 0/15
  2860 | D:4      | Found a staircase to the Ecumenical Temple.
  3151 | D:5      | Entered Level 5 of the Dungeon
  3153 | D:5      | Found a shimmering altar of Xom.
  3318 | D:5      | Reached skill level 7 in Necromancy
  3984 | D:5      | Found a stormy altar of Qazlal.
  3988 | D:5      | Found a shattered altar of Ashenzari.
  4145 | D:6      | Found Ukluusch's Antique Armour Shoppe.
  4174 | D:6      | Reached ** piety under Makhleb
  4293 | D:6      | Slain by an orc warrior

Levels and vault maps discovered:
D:1:      dpeg_arrival_castle, layout_basic, serial_curves, eino_curves_03,
          eino_curves_04
D:2:      layout_basic, lemuel_crystal_altar, lemuel_zombie_altar_yredelemnul,
          first_ration, chequers_serial_rivers_micro_c,
          makhleb_blood_cavern_becter
D:3:      layout_loops_cross, st_stairs_4
D:4:      kennysheep_big_flooded_room, layout_gridville, grunt_gozag_statues,
          minmay_temple_entry_enclosed_plants, nicolae_ossuary_entry_catacombs,
          chequers_serial_rivers_micro_c, uniq_blork_the_orc
D:5:      layout_cave_pods, overflow_temple_1_default,
          chequers_temple_overflow_statue_of_worship
D:6:      layout_loops_corners, serial_shops, shop,
          nicolae_shop_competitors_out_of_business, lightli_orcish_oven,
          uniq_grinder

Skill      XL: |  1  2  3  4  5  6  7 |
---------------+----------------------+-----
Spellcasting   | 2 3 4 5 6 |  6.5
Necromancy     | 5 6 7 |  7.2
Dodging        | |  2.1
Stealth        | |  2.4

Action                   |  1- 3 |  4- 6 |  7- 9 || total
-------------------------+-------+-------+-------++-------
Melee: Unarmed           |    19 |       |     3 ||    22
       Dagger            |     6 |    26 |       ||    32
       Flail             |       |     6 |   101 ||   107
 Cast: Pain              |    47 |    86 |     3 ||   136
       Vampiric Draining |     2 |    18 |    34 ||    54
 Abil: Heal Wounds       |     1 |       |       ||     1
Evoke: Wand              |       |       |    11 ||    11
 Stab: Sleeping          |       |       |     1 ||     1
  Eat: Chunk             |     1 |     5 |     8 ||    14
Armor: Robe              |    11 |    30 |    62 ||   103
Dodge: Dodged            |    40 |   102 |   126 ||   268

Table legend:
 A = Non-vault XP
 B = Vault XP
 C = Vault XP percentage of total XP
 D = Non-vault monster count
 E = Vault monster count
 F = Vault count percentage of total count
                 A         B        C        D         E       F
            +---------+---------+-------+---------+---------+-------
      Total |    1214 |     191 |  13.6 |      98 |      13 |  11.7
            +---------+---------+-------+---------+---------+-------
        D:1 |      37 |       0 |   0.0 |      19 |       0 |   0.0
        D:2 |     132 |      46 |  25.8 |      15 |       3 |  16.7
        D:3 |      64 |       3 |   4.5 |      22 |       2 |   8.3
        D:4 |     365 |     127 |  25.8 |      19 |       3 |  13.6
        D:5 |     562 |       0 |   0.0 |      15 |       0 |   0.0
        D:6 |      54 |      15 |  21.7 |       8 |       5 |  38.5
            +---------+---------+-------+---------+---------+-------
